[Event "EU-ch 12th"]
[Site "Aix les Bains"]
[Date "2011.03.31"]
[Round "9"]
[White "Palac, Mladen"]
[Black "Rublevsky, Sergei"]
[Result "0-1"]
[ECO "B44"]
[WhiteElo "2586"]
[BlackElo "2678"]
[Annotator "Marchand,A/Primel,D"]
[PlyCount "58"]
[EventDate "2011.03.22"]
[EventType "swiss"]
[EventRounds "11"]
[EventCountry "FRA"]
[SourceTitle "CBM 142 Extra"]
[Source "ChessBase"]
[SourceDate "2011.06.27"]
[SourceVersion "1"]
[SourceVersionDate "2011.06.27"]
[SourceQuality "1"]
[TimeControl "40/5400+30:1800+30"]

1. e4 c5 2. Nf3 e6 3. d4 cxd4 4. Nxd4 Nc6 5. Nb5 d6 6. c4 Nf6 7. N1c3 a6 8. Nd4
{Rarement joué et les Noirs ont moins de problèmes pour jouer les coups
thématiques d6d5 et b7b5} (8. Na3 $142 {La grande ligne} Be7 9. Be2 b6 (9...
O-O 10. O-O b6 (10... Bd7 11. Be3 Qa5 12. Qe1 Rfe8 {Karpov,A (2630)-Kuzmin,G 
(2520) URS-chT Moscow 1972 1/2} (12... Rab8 13. f3 Rfd8 14. Rc1 Be8 15. Qf2 Nd7
{Kholmov,R-Taimanov,M URS-ch37 Moscow 1969 (21) 0-1} (15... b5 16. cxb5 axb5
17. Naxb5 d5 $1 $44 {Suetin "Soviet chess Strategy"})))) 10. O-O Bb7 11. Be3
Nb8 12. f3 Nbd7 13. Rc1 (13. Qd2 $142) 13... O-O 14. Qd2 Qc7 15.
Rfd1 (15. Nab1 $6 {Trop lent et j'avais égalisé rapidement avant de rater le
gain en zeitnot} Rac8 16. b4 Qb8 17. a3 Bd8 18. Kh1 Bc7 $11 {Peter,S (2267)
-Primel,D (2127) FRA-chT2 0405 2004 (6) 1/2})) 8... Bd7 {[%cal Gc6e5,Gb7b5] Un
peu passif mais le russe a un style trés solide} (8... Be7 9. Be2 O-O (9... Bd7
) 10. O-O Nb8 11. Be3 b6 {Une position plus active pour le B qu'en d7} 12. f4
Bb7 {[%csl Gb7];Torre,E (2515)-Polugaevsky,L (2645) Manila 1975 (8) 1-0}) 9.
Nc2 $6 {Par rapport а la grande ligne, le N est déjà en c2 au lieu d'être
excentré en a3 mais le Na3 permettait de surcontrôler la case de rupture b5
alors que le Nc2 est trés passif} (9. Be2 $142 Be7 (9... Rc8) 10. O-O Nxd4 (
10... O-O 11. Be3 Rc8 12. Rc1 Qc7 13. f4 Qb8) 11. Qxd4 Bc6 12. Be3 O-O 13. Rfd1
Qb8 14. a4 a5 15. Bg5 Re8 16. Bf3 h6 17. Bh4 Rd8 18.
Rac1 Qa7 $1 $11 19. Qxa7 Rxa7 20. Bg3 Raa8 {1/2-1/2 Kuzmin,G (2600)-Tal,M 
(2635)/Leningrad 1974}) 9... Be7 10. Be2 O-O (10... Rc8 11. O-O Ne5 $132 {
[%csl Rc4];Giusti,P (2305)-Milos,G (2586) Araraqua tt 1999 (1) 0-1}) 11. Bf4
$146 (11. O-O Qc7 {Munoz Pantoja,M (2482)-Djuric,S (2445) Sitges op 37th 2011 
(7) 1-0}) 11... Ne5 $1 {[%csl Rc2][%cal Ge5c4,Gd7b5,Gb7b5] Tentant d'exploiter
le fait que les Blancs ont joué Nc2} 12. O-O (12. Bxe5 $6 dxe5 $15 ) 12... Rc8 $11 13. Ne3 b5 $1 {Un Na3 joué dans la grande ligne
permettait non seulement de défendre la faiblesse "c4" mais aussi de
surcontrôler b5 et la variante 8.Nb5d4 ne semble pas poser trop de problèmes
aux Noirs pour égaliser} 14. cxb5 axb5 $132 15. a3 Qb6 16. Qb3 Qb7 17. Bg5 Bc6 18. Rfd1 (18. f3 d5 $1 (
18... Qb6 ) 19. exd5 Nxd5 20. Bxe7 Nxe7 ) 18... Nxe4 $1
{L'étau de Marcozy a fait long feu et les Noirs prennent l'initiative} 19. Nxe4
Bxe4 20. Bxe7 Qxe7 21. Qb4 f5 $1 $15 (21... Nc4) 22. Qxd6 Qf6 23.
f4 Ng6 24. Bxb5 Qxb2 (24... Rfd8) 25. Bc4 (25. Bd7 $142 $1 $13 ) 25... Rc6 (25... Nxf4 26. Rac1 (26. g3 Nh3+)) 26. Qb4
Qf6 27. Rf1 $2 (27. g3) 27... Nxf4 28. Bb5 Rb6 29. a4 Qg5 0-1

[Event "Sautron op 13th"]
[Site "Sautron"]
[Date "2013.10.31"]
[Round "7"]
[White "Kasparov, Sergey"]
[Black "Avrukh, Boris"]
[Result "1/2-1/2"]
[ECO "B44"]
[WhiteElo "2480"]
[BlackElo "2576"]
[Annotator "RR"]
[PlyCount "51"]
[EventDate "2013.10.26"]
[EventType "swiss"]
[EventRounds "9"]
[EventCountry "FRA"]
[SourceTitle "EXT 2016"]
[Source "ChessBase"]
[SourceDate "2015.10.08"]
[SourceVersion "1"]
[SourceVersionDate "2015.10.08"]
[SourceQuality "1"]
[TimeControl "40/5400+30:1800+30"]
[WhiteClock "1:30:00"]
[BlackClock "1:30:00"]

1. e4 c5 2. Nf3 e6 3. d4 cxd4 4. Nxd4 Nc6 5. Nb5 d6 6. c4 Nf6 7. N1c3 a6 8. Na3 Be7 (8... b6) 9. Be2 O-O 10. O-O b6 11. Be3 Bb7 (11... Ne5 {[%cal Ge5d7] L'alternative}
12. f4 Ned7 13. Bf3 Bb7) 12. Qb3 {[%emt 0:00:44] La grande ligne} (12. f4 Rc8 (
12... d5 13. cxd5 exd5 14. Nxd5 Nxd5 15. Qxd5 Qxd5 16. exd5 Nb4 $13)) 12... Nd7
$8 13. Rad1 (13. Rfd1 Nc5
14. Qc2 Bf6 15. Rac1 Qe7 16. Nab1 Nb4 17. Qd2 Rfd8 18. Qe1 d5 $36 {Magem
Badals,J (2551)-Rubio Mejia,L (2445) ESP-chT CECLUB Honor 2013 (1.2) 1/2})
13... Rb8 (13... Nc5 14. Qc2 Qc7 15. Nab1 Rac8 16. a3 Rfd8 17.
f3 Bf6 18. Rd2 Nd7 19. Rc1 Nce5 20. b3 g5 21. Qd1 Be7 22. Kh1 Kh8 23. Bd4 Rg8
24. Na4 f6 25. Nbc3 Ba8 26. Nb2 Rg7 27. b4 h5 28. Qf1 Ng6 29. Qf2 h4 30. Rdc2
h3 31. g3 Nge5 32. Qf1 Rh7 33. Kg1 Rf8 34. f4 gxf4 {1/2-1/2 (34) Bruzon
Batista,L (2698)-Najer,E (2626) Tromso 2013}) (13... Re8 14. Nab1 Rc8 15. a3
Qc7 16. Qa2 Nce5 $132 {Grischuk,A (2763)-Svidler,P (2749) Wch Blitz Astana
2012 (28) 0-1}) 14. Rd2 Re8 {[%emt 0:04:42] La bonne case
pour la R dans cette structure} 15. Rc1 Bf8 16. Qd1 $146 {[%emt 0:03:29][%csl Rd5] Les Blancs gardent un petit avantage
d'espace mais la position Noire est très solide} (16. f4 f5 17. exf5 exf5 18.
Nd5 Nc5 19. Qc2 Nb4 20. Nxb4 Rxe3 21. Nd5 Bxd5 22. Rxd5 Qe7 23. Bf1 g6 24. Qd2
Re6 25. Nc2 Ne4 26. Qd3 Nf6 27. Nd4 Re3 28. Nc6 Qe6 29. Qd2 Re8 30. Rd3 Rxd3
31. Bxd3 Qc8 32. Nd4 Qc5 33. Bf1 Re4 34. Rd1 d5 35. Kh1 dxc4 36. g3 Ng4 37. Bg2
Re3 38. Ne6 Qb4 39. Bd5 Qxd2 40. Nd4+ Kh8 41. Rxd2 Re1+ 42. Kg2 Bb4 {0-1 (42)
Aseev,K (2295)-Lutikov,A (2390) Moscow 1982}) 16... Nb4 $1 17. Nc2 Nxc2 18.
Rcxc2 Qc7 19. f3 Rbc8 20. Bf1 Qb8 $11 21. Rc1 Ba8 22. Rcc2 Bb7 {[%emt 0:03:
43] les deux camps se neutralisent et la nulle est proche} 23. Rc1 Ba8 24. Rcc2 Bb7 25.
Rc1 Ba8 26. Ra1 1/2-1/2